 Dungeon Crawl Stone Soup version 0.24.0-2-g5b39cebb1c (webtiles) character file.

Game seed: 8342351553380523020, levelgen mode: deterministic

4879 wullow the Stinger (level 10, -1/67 HPs)
             Began as a Merfolk Venom Mage on Oct 31, 2019.
             Was an Elder of Okawaru.
             Incinerated by a deep elf mage (6 damage)
             ... with a sticky flame
             ... on level 10 of the Dungeon.
             The game lasted 00:47:18 (11534 turns).

wullow the Stinger (Merfolk Venom Mage)            Turns: 11534, Time: 00:47:19

Health: -1/67      AC:  6    Str: 11    XL:     10   Next: 50%
Magic:  5/20       EV: 18    Int: 16    God:    Okawaru [****..]
Gold:   491        SH: 12    Dex: 19    Spells: 12/23 levels left

rFire    . . .     SeeInvis .   H - +2 dagger (venom)
rCold    . . .     Gourm    .   t - +2 shield
rNeg     + . .     Faith    .   j - +0 robe
rPois    .         Spirit   .   p - +0 helmet
rElec    .         Reflect  .   l - +0 cloak
rCorr    .         Harm     .   z - +0 pair of gloves
MR       .....                  s - +0 pair of boots
Stlth    ++........             (no amulet)
HPRegen  0.21/turn              M - ring of positive energy
MPRegen  0.17/turn              (no ring)

@: agile, liquid flames, glowing
A: change form in water, swift swim, stealthy swim
a: Heroism, Renounce Religion


You were on level 10 of the Dungeon.
You worshipped Okawaru.
Okawaru was greatly pleased with you.
You were not hungry.

You visited 2 branches of the dungeon, and saw 11 of its levels.

You collected 491 gold pieces.

Inventory:

Hand Weapons
 f - a +1 whip
 D - a +2 spear of freezing
 H - a +2 dagger of venom (weapon)
Missiles
 b - 4 silver javelins (quivered)
 g - 19 arrows
 i - 244 stones
 q - 52 poisoned darts
 r - 91 sling bullets
 A - 6 curare-tipped darts
Armour
 j - a +0 robe (worn)
 l - a +0 cloak (worn)
 p - a +0 helmet (worn)
 s - a +0 pair of boots (worn)
 t - a +2 shield (worn)
 w - a +2 scale mail of cold resistance
 z - a +0 pair of gloves (worn)
Jewellery
 M - a ring of positive energy (left hand)
Wands
 k - a wand of random effects (14)
 n - a wand of disintegration (17)
Scrolls
 d - 2 scrolls of remove curse
 e - 4 scrolls of enchant weapon
 h - a scroll of fear
 m - a scroll of fog
 C - a scroll of teleportation
 F - a scroll of enchant armour
 G - a scroll of brand weapon {unknown}
 I - a scroll of identify
 K - a scroll of noise {unknown}
 L - a scroll of vulnerability {unknown}
Potions
 a - a potion of heal wounds {unknown}
 o - a potion of might
 u - a potion of curing
 v - a potion of ambrosia
 x - 2 potions of lignification
 B - a potion of cancellation {unknown}
 E - 2 potions of agility
 J - a potion of degeneration {unknown}
Miscellaneous
 y - a lightning rod (4/4)
Comestibles
 c - 15 rations
 N - a chunk of flesh


   Skills:
 - Level 2.0 Fighting
 + Level 6.7 Short Blades
 - Level 4.0 Dodging
 - Level 7.0 Stealth
 * Level 6.2 Shields
 - Level 7.0 Spellcasting
 - Level 4.0 Conjurations
 - Level 3.0 Summonings
 - Level 5.1 Air Magic
 - Level 7.1 Poison Magic


You had 12 spell levels left.
You knew the following spells:

 Your Spells              Type           Power        Failure   Level  Hunger
a - Sting                 Conj/Pois      ###.         4%          1    None
b - Poisonous Vapours     Pois/Air       ####..       4%          2    None
c - Mephitic Cloud        Conj/Pois/Air  ###.....     12%         3    ##.....
d - Summon Small Mammal   Summ           ###.         11%         1    None
e - Call Imp              Summ           ###.....     17%         2    None
f - Blink                 Tloc           N/A          50%         2    None

Your spell library contained the following spells:

 Spells                   Type           Power        Failure   Level  Hunger
 Magic Dart               Conj           ###.         8%          1    None
 Olgreb's Toxic Radiance  Pois           ####....     21%         4    ####...
 Call Canine Familiar     Summ           ###.....     32%         3    ##.....
 Conjure Flame            Conj/Fire      ##......     45%         3    ##.....
 Slow                     Hex            #.......     50%         2    None
 Summon Guardian Golem    Hex/Summ       ##......     52%         3    ##.....
 Summon Lightning Spire   Summ/Air       ###.....     56%         4    ####...
 Venom Bolt               Conj/Pois      ###.......   73%         5    #####..
 Summon Ice Beast         Ice/Summ       ##......     90%         4    ####...


Dungeon Overview and Level Annotations

Branches:
Dungeon (10/15)            Temple (1/1) D:4            Lair (0/6) D:9
    Orc: D:9-12

Altars:
Ashenzari
Cheibriados
Dithmenos
Elyvilon
Fedhas
Gozag
Hepliaklqana
Kikubaaqudgha
Makhleb
Nemelex Xobeh
Okawaru
Qazlal
Ru
Sif Muna
Trog
Uskayaw
Vehumet
Wu Jian
Xom
Zin
The Shining One

Shops:
D:5 *

Annotations:
D:7 exclusion: downstairs


Message History

You are covered in liquid flames!
The deep elf mage is engulfed in poison gas.
The deep elf mage looks even sicker.
The deep elf mage points at you and mumbles some strange words.
The sticky flame hits you.
You are covered in liquid flames!
You are covered in liquid flames!
* * * LOW HITPOINT WARNING * * *
You are covered in liquid flames!
* * * LOW HITPOINT WARNING * * *
You are covered in liquid flames!
* * * LOW HITPOINT WARNING * * *
The deep elf mage casts a spell.
There is an open door here.
You are covered in liquid flames!
* * * LOW HITPOINT WARNING * * *
It was a potion of agility.
You feel agile all of a sudden.
You are covered in liquid flames!
You die...

#.#...#.#÷###.###.##..
###...⌠...##a..a..'.....
#.#.#.).#.#.###l###.##..
#...##.##E..#.....# .#
##.#.....#e######## .#
##..###E.## .# ##..#..##
. ###'### #...@.#
#.##..# #. ##.# #.##..#
#.....# ###'###
##.....## ##.......##
##.........## ###


There were no monsters in sight!

Vanquished Creatures
  An ugly thing (D:10)
  A gargoyle (D:10)
  A komodo dragon (D:9)
  A troll (D:9)
  Prince Ribbit (D:6)
  3 hippogriffs
  Sigmund (D:5)
  A yak (D:10)
  2 sky beasts
  2 orc warriors (D:7)
  2 black bears
  A phantom (D:9)
  4 ogres
  A big kobold (D:8)
  A bullfrog (D:10)
  3 scorpions
  3 killer bees (D:7)
  4 wights
  A howler monkey (D:6)
  A bullfrog zombie (D:5)
  3 hounds
  A jelly (D:5)
  A bullfrog skeleton (D:10)
  An orc priest (D:7)
  5 orc wizards
  2 iguanas
  4 worker ants
  A hound skeleton (D:5)
  A worker ant zombie (D:5)
  8 adders
  5 worms
  2 dart slugs
  6 leopard geckos
  30 orcs
  3 ball pythons
  7 bats
  11 giant cockroaches
  8 goblins
  11 hobgoblins
  13 jackals
  5 quokkas
  7 frilled lizards
  14 kobolds
  A leopard gecko skeleton (D:4)
  A quokka skeleton (D:6)
  10 rats
196 creatures vanquished.

Vanquished Creatures (collateral kills)
  A hungry ghost (D:8)
  An ice beast (D:6)
  A crocodile (D:10)
  3 wights
  3 jellies
  A crimson imp (D:7)
  A hound zombie (D:9)
  A shadow imp (D:7)
12 creatures vanquished.

Vanquished Creatures (others)
  4 plants (D:9)
4 creatures vanquished.

Grand Total: 212 creatures vanquished

Notes
Turn   | Place    | Note
-------+----------+-------------------------------------------
     0 | D:1      | wullow the Merfolk Venom Mage began the quest for the Orb.
     0 | D:1      | Reached XP level 1. HP: 13/13 MP: 3/3
   162 | D:1      | Reached skill level 1 in Conjurations
   168 | D:1      | Reached XP level 2. HP: 12/19 MP: 0/5
   224 | D:1      | Learned a level 2 spell: Poisonous Vapours
   811 | D:1      | Reached XP level 3. HP: 23/24 MP: 0/6
  1778 | D:2      | Reached XP level 4. HP: 29/30 MP: 0/7
  1948 | D:2      | Reached skill level 1 in Air Magic
  2826 | D:3      | Reached skill level 5 in Stealth
  2826 | D:3      | Reached skill level 5 in Air Magic
  2826 | D:3      | Reached XP level 5. HP: 35/35 MP: 8/13
  2843 | D:3      | Learned a level 3 spell: Mephitic Cloud
  2930 | D:3      | Reached XP level 6. HP: 39/41 MP: 8/15
  4123 | D:4      | Found an ancient bone altar of Kikubaaqudgha.
  4124 | D:4      | Reached skill level 1 in Short Blades
  4289 | D:4      | Reached skill level 1 in Fighting
  4289 | D:4      | Reached XP level 7. HP: 39/48 MP: 2/16
  4425 | D:4      | Found a staircase to the Ecumenical Temple.
  4435 | Temple   | Entered the Ecumenical Temple
  4605 | Temple   | Became a worshipper of Warmaster Okawaru
  5086 | D:5      | Entered Level 5 of the Dungeon
  5086 | D:5      | Found Zin's Purification Station.
  5095 | D:5      | Reached skill level 1 in Shields
  5145 | D:5      | Found a glowing silver altar of Zin.
  5831 | D:5      | Reached XP level 8. HP: 47/56 MP: 10/17
  5880 | D:5      | Learned a level 1 spell: Summon Small Mammal
  6159 | D:5      | Learned a level 2 spell: Call Imp
  6388 | D:5      | Noticed Sigmund
  6398 | D:5      | Killed Sigmund
  6398 | D:5      | Reached * piety under Okawaru
  6491 | D:5      | Found a burning altar of Makhleb.
  6491 | D:5      | Noticed a blizzard demon
  6502 | D:5      | Learned a level 2 spell: Blink
  6792 | D:6      | Noticed Prince Ribbit
  6800 | D:6      | Killed Prince Ribbit
  6800 | D:6      | Reached skill level 1 in Summonings
  7375 | D:6      | Noticed a hippogriff
  7400 | D:6      | Killed a hippogriff
  7400 | D:6      | Reached ** piety under Okawaru
  7634 | D:7      | Reached XP level 9. HP: 45/61 MP: 5/18
  7913 | D:7      | Found a blossoming altar of Fedhas.
  8301 | D:7      | Got a shimmering hand axe
  8358 | D:6      | Identified the +8 hand axe "Ypum" {venom, MR+ Int-2 SInv}
                  | (You found it on level 7 of the Dungeon)
  8476 | D:7      | Reached skill level 5 in Short Blades
  8511 | D:7      | Reached *** piety under Okawaru
 10110 | D:9      | Reached XP level 10. HP: 49/67 MP: 6/20
 10364 | D:9      | Found a staircase to the Lair.
 10481 | D:9      | Reached skill level 5 in Shields
 10587 | D:9      | Found a stormy altar of Qazlal.
 10922 | D:10     | Entered Level 10 of the Dungeon
 10922 | D:10     | Noticed a gargoyle
 10923 | D:10     | Killed a gargoyle
 10923 | D:10     | Reached **** piety under Okawaru
 10980 | D:10     | Found a blossoming altar of Fedhas.
 10980 | D:10     | Found a glowing golden altar of the Shining One.
 10981 | D:10     | Found a hide-covered altar of Uskayaw.
 10981 | D:10     | Found a glowing golden altar of the Shining One.
 11423 | D:10     | Noticed a purple ugly thing
 11429 | D:10     | Killed a purple ugly thing
 11513 | D:10     | Noticed a deep elf mage
 11534 | D:10     | Incinerated by a deep elf mage

Levels and vault maps discovered:
D:1:      saegor_arrival_under_anarchy, layout_basic
D:2:      layout_basic
D:3:      layout_loops_corners, first_ration
D:4:      layout_rooms, kiku_gazebo_garden_becter,
          minmay_temple_entry_glassed_door
D:5:      layout_basic, makhleb_altar_promises_db, zin_purify, uniq_sigmund
D:6:      layout_basic, chequers_mini_garden, uniq_prince_ribbit1
D:7:      layout_cave_pools, old_standard_altar, minmay_misc_feat_room
D:8:      layout_rooms
D:9:      layout_cave_pods, kennysheep_mini_moat,
          nicolae_qazlal_general_emergency, david_lair_shrubbed,
          hiddenorc1_lemuel, serial_shops, kennysheep_mini
D:10:     minmay_the_grid_octo_tiled_octocenter [minmay_the_grid_octo_horde,
          minmay_the_grid_octo_focus, minmay_the_grid_octo_shrine,
          minmay_the_grid_octo_tetromino_candy,
          minmay_the_grid_octo_prize_ultimate_mussel_roller,
          minmay_the_grid_square_5x5_tie, minmay_the_grid_square_5x5_inner_v,
          minmay_the_grid_square_5x5_plus, minmay_the_grid_square_5x5_meh],
          layout_stronghold, uniq_urug, uniq_grum
Temple:   eino_temple_scatter_basement

Skill      XL: |  1  2  3  4  5  6  7  8  9 10 |
---------------+-------------------------------+-----
Conjurations   | 1 3 4 |  4.0
Stealth        | 5 6 7 |  7.0
Air Magic      | 5 |  5.1
Poison Magic   | 6 7 |  7.1
Spellcasting   | 6 7 |  7.0
Dodging        | 3 4 |  4.0
Short Blades   | 1 3 4 5 6 |  6.7
Fighting       | 1 2 |  2.0
Shields        | 1 2 4 6 |  6.2
Summonings     | 2 3 |  3.0

Action                   |  1- 3 |  4- 6 |  7- 9 | 10-12 || total
-------------------------+-------+-------+-------+-------++-------
Melee: Unarmed           |    10 |       |       |       ||    10
       Whip              |    34 |    27 |       |       ||    61
       Dagger            |       |    21 |   286 |    45 ||   352
Throw: Javelin           |     2 |     5 |    10 |       ||    17
       Dart              |       |       |     3 |       ||     3
 Cast: Sting             |    78 |    15 |       |       ||    93
       Poisonous Vapours |     7 |    74 |   177 |    40 ||   298
       Mephitic Cloud    |       |     2 |     2 |       ||     4
       Call Imp          |       |       |    35 |    34 ||    69
       Summon Small Mamm |       |       |    15 |     7 ||    22
  Use: Scroll            |       |     6 |     9 |     3 ||    18
       Potion            |       |     1 |       |     1 ||     2
 Stab: Sleeping          |       |       |     3 |     3 ||     6
       Distracted        |       |       |     1 |       ||     1
       Confused          |       |       |     1 |       ||     1
  Eat: Chunk             |     4 |    11 |    17 |     3 ||    35
       Ration            |       |       |     1 |       ||     1
Armor: Robe              |     9 |    13 |    53 |     9 ||    84
Dodge: Dodged            |    59 |    43 |   174 |    33 ||   309
Block: Shield            |       |       |       |     5 ||     5
